 Dungeon Crawl Stone Soup version 0.29.1-1-gd02db6906a (webtiles) character file.

Game seed: 4339360498045350591

186 Hadkhar the Trooper (level 5, -3/42 HPs)
             Began as a Human Fighter on Sept 27, 2022.
             Slain by an iguana (9 damage)
             ... on level 4 of the Dungeon.
             The game lasted 00:11:54 (3937 turns).

Hadkhar the Trooper (Human Fighter)                 Turns: 3937, Time: 00:11:54

Health: -3/42      AC:  7    Str: 19    XL:     5   Next: 97%
Magic:  5/5        EV:  9    Int:  8    God:
Gold:   242        SH:  5    Dex: 12    Spells: 4/4 levels left

rFire   . . .      SeeInvis .   a - +0 war axe
rCold   . . .      Faith    .   c - +0 buckler
rNeg    . . .      Spirit   .   b - +0 scale mail
rPois   .          Reflect  .   (no helmet)
rElec   .          Harm     .   (no cloak)
rCorr   .          Rampage  .   (no gloves)
Will    .....                   (no boots)
Stlth   ..........              (no amulet)
HPRegen 0.14/turn               (no ring)
MPRegen 0.09/turn               (no ring)

@: no status effects
A: no striking features
a: no special abilities


You were on level 4 of the Dungeon.
You visited 1 branch of the dungeon, and saw 4 of its levels.

You collected 242 gold pieces.

Inventory:

Hand Weapons
 a - a +0 war axe (weapon)
 g - a +2 falchion of venom
Armour
 b - a +0 scale mail (worn)
 c - a +0 buckler (worn)
Scrolls
 e - a scroll of immolation {unknown}
 f - 2 scrolls of butterflies {unknown}
 h - a scroll of enchant armour {unknown}
 i - 3 scrolls of identify {unknown}
 k - a scroll of magic mapping {unknown}
 l - a scroll of blinking {unknown}
Potions
 d - 2 potions of might
 j - a potion of brilliance {unknown}
 m - a potion of degeneration {unknown}
 n - 2 potions of magic {unknown}
 o - a potion of curing {unknown}
 p - a potion of lignification {unknown}


   Skills:
 + Level 4.0 Fighting
 + Level 3.3 Axes
 + Level 4.0 Armour
 + Level 3.9 Shields


You had 4 spell levels left.
You didn't know any spells.
Your spell library was empty.

Dungeon Overview and Level Annotations

Branches:
Dungeon (4/15)
 Temple: D:4-7

Altars:


Message History

An orc comes into view. It is wielding a +0 dagger.
The orc shouts!
You closely miss the orc. The orc barely misses you.
You slash the orc!
You kill the orc!
Your Armour skill increases to level 4!
Things that are here:
a +0 dagger; a +0 scale mail
Found 10 gold pieces.
You now have 242 gold pieces (gained 10).
Found an escape hatch in the floor.
There is an escape hatch in the floor here.
An orc comes into view. It is wielding a +0 whip.
The orc shouts!
An orc comes into view. It is wielding a +0 mace.
The orc shouts!
An orc comes into view. It is wielding a +0 short sword.
An orc priest comes into view. It is wielding a +0 short sword.
The orc shouts!
The orc priest shouts!
The orc priest mumbles some strange prayers to Beogh against you.
Beogh smites you!
You barely miss the orc. The orc completely misses you.
You barely miss the orc. You barely miss the orc.
The orc hits you but does no damage.
You closely miss the orc. You hit the orc but do no damage.
The orc hits you with a +0 short sword.
You closely miss the orc. The orc barely misses you.
You block the orc's attack.
You slash the orc!
You kill the orc!
The orc attacks as you move away! The orc hits you but does no damage.
An iguana comes into view.
The iguana hisses angrily.
The iguana attacks as you move away! The iguana bites you!
The iguana attacks as you move away! The iguana bites you!
* * * LOW HITPOINT WARNING * * *
The iguana attacks as you move away! The iguana bites you.
* * * LOW HITPOINT WARNING * * *
The iguana attacks as you move away! The iguana bites you!
You die...

#.#.#..)............†(
#.#.######........#.##
#....# #...#...##.#
#)...# #...##.##...
##.)..# #.....#...#..
#..#.## #.#.##.##. .#
#.##.# #.#.# ###### #
#.#.#.######.#.# #..#
#..l@.....# #.#
#.#.######## ##
#..#.##.# ... . ...
#o# #.# #.#.##.##
....# #.o..## ..#
##o...####.
#.###.#.......#
#.#.##..#####.


You could see an iguana.

Vanquished Creatures
  Jessica (D:3)
  3 gnolls (D:3)
  2 adders
  2 river rats (D:3)
  A shadow imp (D:3)
  3 worms (D:3)
  A dart slug (D:1)
  7 orcs
  5 endoplasms
  2 giant cockroaches
  6 goblins
  4 hobgoblins
  10 kobolds
  4 quokkas
  7 ball pythons
  5 bats
  4 frilled lizards
  5 rats
72 creatures vanquished.

Notes
Turn   | Place    | Note
-------+----------+-------------------------------------------
     0 | D:1      | Hadkhar the Human Fighter began the quest for the Orb.
     0 | D:1      | Reached XP level 1. HP: 18/18 MP: 1/1
   291 | D:1      | Reached XP level 2. HP: 15/24 MP: 2/2
   718 | D:1      | Found a faded altar of an unknown god.
   779 | D:1      | Reached XP level 3. HP: 27/29 MP: 3/3
  1375 | D:2      | Reached XP level 4. HP: 33/35 MP: 4/4
  2482 | D:3      | Noticed Jessica
  2486 | D:3      | Killed Jessica
  2487 | D:3      | Reached XP level 5. HP: 12/42 MP: 5/5
  3937 | D:4      | Slain by an iguana

Illustrated notes

Levels and vault maps discovered:
D:1:      doesnt_arrival_eight_statues, layout_basic,
          ebering_ecumenical_altar_rust
D:2:      layout_loops_ring
D:3:      layout_loops_ring, lightli_sewer_entry_pipes, uniq_jessica
D:4:      layout_loops_ring, minmay_temple_entry_slanted

Skill      XL: |  1  2  3  4  5 |
---------------+----------------+-----
Axes           | 3 |  3.3
Fighting       | 4 |  4.0
Armour         | 4 |  4.0
Shields        | |  3.9

Action                   |  1- 3 |  4- 6 || total
-------------------------+-------+-------++-------
Melee: War axe           |   111 |    76 ||   187
       Falchion          |    11 |    51 ||    62
Armor: Scale mail        |    74 |    36 ||   110
Dodge: Dodged            |    68 |    54 ||   122
Block: Buckler           |    28 |    34 ||    62
